 Dungeon Sprint DCSS version 0.27.1-33-g824d729ab1 (webtiles) character file.

Game seed: 3983000772599585240

989 manyhoops the Cleaver (level 7, -6/61 HPs)
             Began as a Deep Dwarf Berserker on Nov 27, 2021.
             Was a Priest of Trog.
             Mangled by a sixfirhy (10 damage)
             ... summoned by a kobold demonologist
             ... in the Dungeon (Sprint I: "Red Sonja").
             The game lasted 00:02:19 (616 turns).

manyhoops the Cleaver (Deep Dwarf Berserker)         Turns: 616, Time: 00:02:20

Health: -6/61      AC:  4    Str: 23    XL:     7   Next: 98%
Magic:  6/6        EV: 12    Int:  7    God:    Trog [***...]
Gold:   114        SH:  5    Dex: 12    Spells: 6/6 levels left

rFire    . . .     SeeInvis .   a - +0 hand axe
rCold    . . .     Faith    .   (no shield)
rNeg     . . .     Spirit   .   j - +0 leather armour
rPois    .         Reflect  +   (no helmet)
rElec    .         Harm     .   (no cloak)
rCorr    .         Rampage  .   (no gloves)
Will     +++..     NoTele   +   (no boots)
Stlth    +.........             b - amulet of reflection
HPRegen  1.00/turn              (no ring)
MPRegen  0.10/turn              (no ring)

@: strong-willed, on berserk cooldown, regenerating, slowed, very slow
A: damage resistance, heal wounds, sense surroundings 1, no regeneration
a: Heal Wounds, Renounce Religion, Berserk, Trog's Hand


You were in the Dungeon.
You worshipped Trog.
Trog was most pleased with you.
You visited 1 branch You collected 414 gold pieces.
You spent 300 gold pieces at shops.

Inventory:

Hand Weapons
 a - a +0 hand axe (weapon)
Armour
 j - a +0 leather armour (worn)
Jewellery
 b - an amulet of reflection (around neck)
Wands
 i - a wand of flame (14)
Scrolls
 h - a scroll of blinking
Potions
 e - 2 potions of haste
 f - 2 potions of magic
 g - a potion of berserk rage


   Skills:
 - Level 2.6 Fighting
 - Level 13.4 Axes
 + Level 13.1 Armour
 - Level 2.1 Dodging


You had 6 spell levels left.
You didn't know any spells.
Your spell library was empty.

Dungeon Overview and Level Annotations

Branches:
Dungeon (1/1)

Altars:
Cheibriados
Dithmenos
Elyvilon
Fedhas
Gozag
Hepliaklqana
Kikubaaqudgha
Makhleb
Nemelex Xobeh
Okawaru
Qazlal
Ru
Sif Muna
Trog
Uskayaw
Vehumet
Wu Jian
Xom
Yredelemnul
Zin
The Shining One
Jiyva
Lugonu

Shops:
D =


Innate Abilities, Weirdness & Mutations

You are resistant to damage.
You can heal yourself by infusing magical energy.
You passively map a small area around you.
You do not regenerate.


Message History

You kill the floating eye!
Trog accepts your kill.
You completely miss the shadow imp. The orange demon misses you.
You block the shadow imp's attack.
Your Armour skill increases to level 13!
Unknown command.
Unknown command.
You hit the kobold demonologist.
The kobold demonologist is lightly wounded.
You hit the shadow imp but do no damage.
The kobold demonologist hits you with a +0 dagger.
The orange demon stings you from afar! You block the shadow imp's attack.
Unknown command.
You hit the kobold demonologist but do no damage.
The kobold demonologist is lightly wounded.
You hit the shadow imp.
The kobold demonologist casts a spell.
The orange demon stings you from afar.
You closely miss the kobold demonologist.
The kobold demonologist is lightly wounded.
You closely miss the shadow imp.
The shadow imp hits you but does no damage.
The kobold demonologist mumbles some strange words.
The orange demon stings you but does no damage.
Unknown command.
You hit the kobold demonologist.
The kobold demonologist is moderately wounded.
You hit the shadow imp. The sixfirhy hits you! The sixfirhy shocks you!
The kobold demonologist barely misses you.
The orange demon barely misses you. The sixfirhy hits you.
The sixfirhy shocks you!
* * * LOW HITPOINT WARNING * * *
You miss the kobold demonologist.
The kobold demonologist is moderately wounded.
You barely miss the sixfirhy.
The ufetubus disappears in a puff of smoke!
The sixfirhy hits you!
* * * LOW HITPOINT WARNING * * *
The sixfirhy shocks you!
You die...

#####################
.)..#..'..#__#..@345#
.#..').#..'..'..#K5.#
###'#####'#__####§55+
##..#...#.#### , ####
, * _####..##.# ,
____##'#_.+ , , , *
.∩...'..._# ≈ , * ,
..__##_.#'# * ,
____###+#[# *^


You could see an orange demon (summoned), a kobold demonologist, a sixfirhy
(summoned), an iron imp (summoned), 2 white imps and a shadow imp (summoned).

Vanquished Creatures
  A kobold demonologist (D)
  A slime creature (D)
  Sigmund (D)
  A yak (D)
  A floating eye (D)
  An ogre (D)
  A jelly (D)
  Ijyb (D)
8 creatures vanquished.

Vanquished Creatures (others)
  A gargoyle (D)
1 creature vanquished.

Grand Total: 9 creatures vanquished

Notes
Turn   | Place    | Note
-------+----------+-------------------------------------------
     0 | D        | manyhoops the Deep Dwarf Berserker began the quest for the
                  | Orb.
     0 | D        | Reached XP level 1. HP: 20/20 MP: 1/1
     1 | D        | Noticed Ijyb
    16 | D        | Killed Ijyb
    17 | D        | Reached XP level 2. HP: 14/27 MP: 2/2
    74 | D        | Noticed an ogre
    79 | D        | Killed an ogre
    80 | D        | Reached skill level 10 in Axes
    80 | D        | Reached XP level 3. HP: 33/33 MP: 2/2
    80 | D        | Reached XP level 4. HP: 40/40 MP: 3/3
   127 | D        | Noticed Sigmund
   152 | D        | Killed Sigmund
   152 | D        | Reached ** piety under Trog
   153 | D        | Reached XP level 5. HP: 9/46 MP: 4/4
   153 | D        | Reached XP level 6. HP: 11/55 MP: 5/5
   182 | D        | Found an ornate altar of the Wu Jian Council.
   182 | D        | Found a shimmering blue altar of Sif Muna.
   184 | D        | Found a radiant altar of Vehumet.
   222 | D        | Killed a gargoyle
   239 | D        | Found Tuvigosa's Jewellery Emporium.
   239 | D        | Found an ancient bone altar of Kikubaaqudgha.
   239 | D        | Found a hazy altar of Hepliaklqana.
   239 | D        | Found a stormy altar of Qazlal.
   239 | D        | Found a hide-covered altar of Uskayaw.
   239 | D        | Found a blossoming altar of Fedhas.
   239 | D        | Found a bloodstained altar of Trog.
   239 | D        | Found an iron altar of Okawaru.
   239 | D        | Found a basalt altar of Yredelemnul.
   239 | D        | Found a glowing golden altar of the Shining One.
   239 | D        | Found a snail-covered altar of Cheibriados.
   239 | D        | Found a sacrificial altar of Ru.
   239 | D        | Found a glowing silver altar of Zin.
   239 | D        | Found a shadowy altar of Dithmenos.
   239 | D        | Found a white marble altar of Elyvilon.
   239 | D        | Noticed a yak
   245 | D        | Killed a yak
   246 | D        | Found an opulent altar of Gozag.
   247 | D        | Found a sparkling altar of Nemelex Xobeh.
   316 | D        | Bought an amulet of reflection for 300 gold pieces
   338 | D        | Found a burning altar of Makhleb.
   338 | D        | Found a viscous altar of Jiyva.
   338 | D        | Found a shimmering altar of Xom.
   338 | D        | Found a corrupted altar of Lugonu.
   338 | D        | Noticed a slime creature
   345 | D        | Killed a slime creature
   345 | D        | Reached *** piety under Trog
   346 | D        | Reached skill level 10 in Armour
   346 | D        | Reached XP level 7. HP: 25/61 MP: 6/6
   596 | D        | Noticed a kobold demonologist
   597 | D        | Noticed a kobold demonologist
   601 | D        | Killed a kobold demonologist
   603 | D        | Paralysed by a floating eye for 4 turns
   604 | D        | Noticed an orange demon
   614 | D        | Noticed a sixfirhy
   616 | D        | Mangled by a sixfirhy

Illustrated notes

Levels and vault maps discovered:
D:        dungeon_sprint_1 [red_sonja_temple_1, red_sonja_temple_small_1]

Skill      XL: |  1  2  3  4  5  6  7 |
---------------+----------------------+-----
Axes           | 7 10 13 | 13.4
Armour         | 10 13 | 13.1
Fighting       | |  2.6
Dodging        | |  2.1

Action                   |  1- 3 |  4- 6 |  7- 9 || total
-------------------------+-------+-------+-------++-------
Melee: Hand axe          |    16 |    30 |    15 ||    61
Invok: Berserk           |     2 |     4 |     1 ||     7
       Trog's Hand       |       |       |     1 ||     1
 Abil: Heal Wounds       |     1 |     1 |     1 ||     3
  Use: Potion            |       |     2 |       ||     2
Armor: Leather armour    |       |       |     6 ||     6
Dodge: Dodged            |     4 |    10 |    12 ||    26
Block: Other             |       |       |     6 ||     6
